 Seeded DCSS version 0.29-a0-1023-g6ae1a4a2c7 (webtiles) character file.

Game seed: 5070638151313211060 (custom seed)

357898 bwicke the Champion of Chaos (level 21, -7/175 HPs)
             Began as a Demonspawn Monk on May 23, 2022.
             Was the Champion of Makhleb.
             Killed from afar by a deep elf high priest (12 damage)
             ... with damnation
             ... on level 1 of the Elven Halls on Aug 11, 2022.
             The game lasted 04:55:01 (42355 turns).

bwicke the Champion of Chaos (Demonspawn Monk)     Turns: 42355, Time: 04:55:02

Health: -7/175     AC: 29    Str: 21    XL:     21   Next: 8%
Magic:  4/38       EV: 14    Int: 12    God:    Makhleb [******]
Gold:   5426       SH: 34    Dex: 26    Spells: 20/20 levels left

rFire   . . .      SeeInvis .   Z - +4 broad axe (vamp)
rCold   + . .      Faith    .   e - +5 tower shield {rC+}
rNeg    . . .      Spirit   .   k - +0 shadow dragon scales
rPois   +          Reflect  +   U - +2 hood of the Assassin {Detection Stab+ Stlth++}
rElec   +          Harm     .   o - +2 cloak
rCorr   .          Rampage  .   a - +3 Mad Mage's Maulers {Infuse+∞ RegenMP Int-3}
Will    +....                   (boots unavailable)
Stlth   ++++++....              f - amulet of Ogacia {Reflect Int+4 SH+5}
HPRegen 0.39/turn               P - ring "Qaarem" {Wiz rElec rPois Dex+8}
MPRegen 0.66/turn               G - +4 ring of slaying

@: about to teleport, on berserk cooldown, slowed, studying Armour, very slow
A: hooves 3, slimy green scales 2, powered by death 1, spiny 3, augmentation 1,
high MP 1
}: 3/15 runes: decaying, serpentine, silver
a: Renounce Religion, Minor Destruction, Lesser Servant of Makhleb, Major
Destruction, Greater Servant of Makhleb


You were on level 1 of the Elven Halls.
You worshipped Makhleb.
Makhleb was exalted by your worship.
You visited 7 branches of the dungeon, and saw 37 of its levels.
You also visited: Bailey and Gauntlet.

You collected 5768 gold pieces.
You spent 342 gold pieces at shops.

Inventory:

Hand Weapons
 h - a +2 antimagic broad axe
 l - a +2 eveningstar of freezing
 m - a +1 rapier of speed
 y - the +9 spear of Subbix {flame, rF+}
   (You found it on level 5 of the Dungeon)

   It burns those it strikes, dealing additional fire damage.
   rF:        It protects you from fire.
 A - the +8 demon trident of Rokehuis {drain, Will+}
   (You acquired it on level 15 of the Dungeon)

   A truly terrible weapon, it drains the life of any living foe it strikes.
   Will:      It increases your willpower.
 Z - a +4 vampiric broad axe (weapon)
Missiles
 u - 6 atropa-tipped darts (quivered)
 L - 2 throwing nets
 Y - 2 curare-tipped darts
Armour
 a - the +3 Mad Mage's Maulers (worn) {Infuse+∞ RegenMP Int-3}
   (You acquired it on level 12 of the Dungeon)

   It empowers its wearer's blows with all of their magic.
   It causes its wearer's magical reserves to regenerate more quickly.
   Int:       It affects your intelligence (-3).
 e - a +5 tower shield of cold resistance (worn)
 g - the +0 kite shield of Ecumip {rPois Will++ MP-9 Dex+3}
   (You found it on level 4 of the Dungeon)

   Dex:       It affects your dexterity (+3).
   rPois:     It protects you from poison.
   MP:        It affects your magic capacity (-9).
   Will:      It greatly increases your willpower.
 k - +0 shadow dragon scales (worn)
 o - a +2 cloak (worn)
 F - a +2 buckler of protection
 H - +2 acid dragon scales
 K - the +1 helmet of Weightlessness {rElec Dex+4}
   (You found it on level 13 of the Dungeon)

   Dex:       It affects your dexterity (+4).
   rElec:     It insulates you from electricity.
 U - the +2 hood of the Assassin (worn) {Detection Stab+ Stlth++}
   (You found it on level 5 of the Vaults)

   It allows the wearer to sense nearby creatures.
   It allows the wearer to make particularly effective stabbing attacks against
   helpless or unaware enemies with any weapon.
   Stlth:     It makes you much more stealthy.
 X - +0 gold dragon scales
Jewellery
 f - the amulet of Ogacia (around neck) {Reflect Int+4 SH+5}
   (You took it off a spriggan on level 1 of the Swamp)

   [amulet of reflection]

   It reflects blocked missile attacks.
   Int:       It affects your intelligence (+4).
   SH:        It affects your SH (+5).
 i - a ring of protection from cold
 s - a +6 ring of strength
 B - a ring of protection from fire
 C - a ring of positive energy
 E - the amulet of Disaster {Acrobat +Inv}
   (You found it in a Gauntlet)

   [amulet of the acrobat]

   It increases your evasion while moving and waiting.
   +Inv:      It lets you turn invisible.
 G - a +4 ring of slaying (right hand)
 P - the ring "Qaarem" (left hand) {Wiz rElec rPois Dex+8}
   (You found it on level 4 of the Swamp)

   [ring of wizardry]

   It improves your spell success rate.
   Dex:       It affects your dexterity (+8).
   rElec:     It insulates you from electricity.
   rPois:     It protects you from poison.
 R - an amulet of guardian spirit
 S - a +4 ring of evasion
 T - a ring of see invisible
 W - a ring of flight
Wands
 b - a wand of acid (25)
 j - a wand of iceblast (33)
 t - a wand of digging (2)
Scrolls
 q - 6 scrolls of fog
 w - 7 scrolls of immolation
 x - 14 scrolls of teleportation
 I - 2 scrolls of silence
 J - 4 scrolls of poison
 M - a scroll of summoning
 Q - 7 scrolls of fear
 V - 9 scrolls of magic mapping
Potions
 c - 2 potions of haste
 d - 3 potions of invisibility
 n - 2 potions of might
 p - a potion of berserk rage
 r - 9 potions of lignification
 v - 5 potions of cancellation
 z - 21 potions of curing
 D - 2 potions of resistance
 N - 4 potions of heal wounds
Miscellaneous
 O - a phantom mirror


   Skills:
 - Level 17.5 Fighting
 - Level 1.0 Short Blades
 - Level 13.6(16.0) Axes
 - Level 14.0(16.2) Polearms
 + Level 11.5 Armour
 - Level 10.4 Dodging
 - Level 1.7 Stealth
 - Level 18.1 Shields
 - Level 20.1 Invocations


You had 20 spell levels left.
You didn't know any spells.
Your spell library contained the following spells:

 Spells                   Type           Power      Damage    Failure   Level
 Apportation              Tloc           0%         N/A       88%         1
 Necrotise                Necr           0%         1d4       88%         1
 Sandblast                Erth           0%         2d4       88%         1
 Summon Small Mammal      Summ           0%         N/A       88%         1
 Passwall                 Tmut/Erth      0%         N/A       95%         2
 Poisonous Vapours        Pois/Air       0%         N/A       95%         2
 Scorch                   Fire           0%         2d5       95%         2
 Sublimation of Blood     Necr           0%         N/A       95%         2
 Wereblood                Tmut           0%         N/A       95%         2
 Call Canine Familiar     Summ           0%         N/A       99%         3
 Confusing Touch          Hex            0%         N/A       99%         3
 Dazzling Flash           Conj/Hex       0%         N/A       99%         3
 Gell's Gravitas          Tloc           0%         N/A       99%         3
 Ozocubu's Armour         Ice            0%         N/A       99%         3
 Portal Projectile        Hex/Tloc       0%         N/A       99%         3
 Stone Arrow              Conj/Erth      0%         3d7       99%         3
 Summon Guardian Golem    Hex/Summ       0%         N/A       99%         3
 Teleport Other           Tloc           0%         N/A       99%         3
 Tukima's Dance           Hex            0%         N/A       99%         3
 Anguish                  Hex/Necr       0%         N/A       100%        4
 Corpse Rot               Necr/Pois/Air  0%         N/A       100%        4
 Dispel Undead            Necr           0%         3d6       100%        4
 Flame Wave               Conj/Fire      0%         2d4       100%        4
 Fulminant Prism          Conj/Hex       0%         3d6       100%        4
 Iskenderun's Mystic Bla  Conj/Tloc      0%         2d3       100%        4
 Petrify                  Tmut/Erth      0%         N/A       100%        4
 Agony                    Necr           0%         N/A       100%        5
 Blade Hands              Tmut           0%         N/A       100%        5
 Irradiate                Conj/Tmut      0%         3d11      100%        5
 Iskenderun's Battlesphe  Conj           0%         2d6       100%        5
 Lee's Rapid Deconstruct  Erth           0%         3d5*      100%        5
 Metabolic Englaciation   Hex/Ice        0%         N/A       100%        5
 Silence                  Hex/Air        0%         N/A       100%        5
 Summon Forest            Summ/Tloc      0%         N/A       100%        5
 Summon Mana Viper        Hex/Summ       0%         N/A       100%        5
 Yara's Violent Unravell  Hex/Tmut       0%         3d3       100%        5
 Conjure Ball Lightning   Conj/Air       0%         3x3d6     100%        6
 Death Channel            Necr           0%         N/A       100%        6
 Dispersal                Tloc           0%         N/A       100%        6
 Iron Shot                Conj/Erth      0%         9d1       100%        6
 Simulacrum               Ice/Necr       0%         N/A       100%        6
 Summon Cactus Giant      Summ           0%         N/A       100%        6
 Enfeeble                 Hex            0%         N/A       100%        7
 Malign Gateway           Summ/Tloc      0%         N/A       100%        7
 Orb of Destruction       Conj           0%         9d5       100%        7
 Spellforged Servitor     Conj/Summ      0%         N/A       100%        7
 Summon Hydra             Summ           0%         N/A       100%        7
 Discord                  Hex            0%         N/A       100%        8
 Disjunction              Tloc           0%         N/A       100%        8


Dungeon Overview and Level Annotations

Branches:
Dungeon (15/15)            Temple (0/1) D:7            Lair (6/6) D:9
  Swamp (4/4) Lair:3        Snake (4/4) Lair:3        Slime (0/5) Lair:5
    Orc (2/2) D:11            Elf (1/3) Orc:2        Vaults (5/5) D:14
  Crypt (0/3) Vaults:3     Depths (0/4) D:15         Bailey (visited)
Gauntlet (visited)

Altars:
Dithmenos
Kikubaaqudgha
Makhleb
Trog
Uskayaw
Vehumet
Wu Jian
Yredelemnul

Shops:
D:6 (   D:7 [[!   Orc:2 **(:[*[   Elf:1 :==   Snake:4 :   Vaults:2 =
Vaults:3 [

Annotations:
D:8 2 transporters, exclusion: ice statue, xian's ghost, novice DrCj


Innate Abilities, Weirdness & Mutations

You have hooves in place of feet.
You are mostly covered in slimy green scales. (AC +3)
You regenerate a little health from kills.
You are completely covered in sharp spines.
Your magical and physical power is slightly enhanced at high health.
You have an increased reservoir of magic. (+10% MP)


Message History

The bolt of lightning hits you. You resist.
* * * LOW HITPOINT WARNING * * *
The Brimstone Fiend hits you.
* * * LOW HITPOINT WARNING * * *
You block the Brimstone Fiend's attack. The Brimstone Fiend hits you!
* * * LOW HITPOINT WARNING * * *
You block the deep elf zephyrmancer's attack.
The orc priest looks satisfied for a moment.
You block the deep elf demonologist's attack.
You feel much better.
You block the Brimstone Fiend's attack. x2
The Brimstone Fiend hits you.
* * * LOW HITPOINT WARNING * * *
The deep elf zephyrmancer mumbles some strange words.
The deep elf zephyrmancer blinks!
The deep elf high priest mumbles some strange prayers to its god.
The deep elf high priest begins emitting a brilliant aura!
The orc sorcerer is empowered by the deep elf high priest's aura!
The deep elf demonologist casts a spell.
The ynoxinul gestures.
The deep elf zephyrmancer attacks as you move away!
The deep elf zephyrmancer is struck by your spines.
The deep elf zephyrmancer misses you.
The deep elf high priest invokes the aid of its god against you.
Something smites you!
* * * LOW HITPOINT WARNING * * *
The deep elf high priest calls down the wrath of its god upon you.
Something smites you!
* * * LOW HITPOINT WARNING * * *
The orc sorcerer gestures wildly while chanting.
The Brimstone Fiend calls on the powers of darkness!
Your body is wracked with pain!
* * * LOW HITPOINT WARNING * * *
The orc sorcerer convulses!
The orc warrior convulses!
The deep elf high priest convulses!
The deep elf demonologist convulses!
The deep elf zephyrmancer convulses!
The deep elf archer convulses!
The deep elf high priest convulses!
The orc convulses!
The deep elf zephyrmancer convulses!
The deep elf high priest calls down the wrath of its god upon you.
The sphere of damnation explodes!
The damnation engulfs you!
You die...

#.# #.# 8..$...e38 #.#
##'### ##..#..#..# #.#
##....## #8..e$$...8 #.#
#......## 8.).....?8 #.#
#..?....####o3#5.#..#
#.#####........'#8o2oe....8
#.....'.........#82eee5...8
..#####......##.##e4#35#++#
### ##....###.@13ooe55..
##..## ############# ####


You could see a Brimstone Fiend (summoned), a deep elf demonologist (empowered),
a deep elf archer (empowered, repels missiles), 2 deep elf high priests, a
hellwing (summoned), 2 deep elf zephyrmancers, 2 ynoxinuls, an orc sorcerer
(empowered), an orc warrior, an orc and 5 ufetubi.

Vanquished Creatures
  A dread lich (Vaults:5)
  An ancient lich (Vaults:5)
  Sojobo (Vaults:2)
  Frederick (Vaults:5)
  the Lernaean hydra (Swamp:4)
  3 golden dragons (Vaults:5)
  Zenata (Elf:1)
  5 tentacled monstrosities
  Rupert (Lair:5)
  3 liches
  A quicksilver dragon (Vaults:5)
  6 titans (Vaults:5)
  3 sphinxes
  Frances (Swamp:2)
  2 storm dragons (Vaults:5)
  A shadow dragon (Vaults:5)
  8 tengu reavers
  A fire giant (Vaults:5)
  2 frost giants
  13 vault wardens
  4 nagarajas (Snake:4)
  Louise (D:15)
  2 orc warlords (Orc:2)
  Aizul (Swamp:3)
  The ghost of Etewkasm the Grappler, a journeyman TrMo of Jiyva (Lair:5)
  11 very ugly things
  10 ironbound preservers
  A spriggan defender (Swamp:1)
  5 ironbound thunderhulks
  4 stone giants (Vaults:5)
  4 entropy weavers
  3 war gargoyles
  3 eleionomae
  2 deep elf demonologists (Vaults:5)
  7 dire elephants
  3 bunyips
  A minotaur (Gauntlet)
  5 ettins (Vaults:5)
  A deep elf death mage (Vaults:5)
  5 great orbs of eyes
  3 deep elf high priests (Vaults:5)
  Fannar (Lair:1)
  10 yaktaur captains
  A shambling mangrove (Swamp:4)
  3 peacekeepers
  2 salamander tyrants (Snake:4)
  27 hydras
  14 anacondas
  2 ogre magi (Vaults:5)
  A ghost crab (Swamp:3)
  25 vault guards
  8 ironbound frosthearts
  A radroach (shapeshifter) (Vaults:5)
  7 boulder beetles
  8 centaur warriors
  2 catoblepae (D:13)
  13 naga warriors
  A two-headed ogre (shapeshifter) (D:14)
  9 two-headed ogres
  7 dancing weapons
  8 alligators
  A tengu warrior (D:13)
  2 spriggan berserkers (Swamp:1)
  A deep troll earth mage (Vaults:5)
  A titan zombie (Vaults:4)
  5 naga sharpshooters
  2 orc high priests (Orc:2)
  A deep elf knight (Elf:1)
  Nergalle (Lair:4)
  7 shock serpents
  A fire crab (shapeshifter) (Vaults:5)
  A storm dragon zombie (Vaults:3)
  A sea snake (shapeshifter) (Vaults:3)
  6 salamander mystics
  3 sea snakes (Snake:2)
  A glowing orange brain (D:15)
  13 deep trolls
  2 spriggan druids
  3 goliath frogs
  9 swamp dragons
  3 naga ritualists
  A deep elf archer (Elf:1)
  5 wizards
  8 bog bodies
  6 orc knights
  9 lindwurms
  19 ironbound convokers
  7 harpies
  10 deep elf pyromancers
  3 deep elf zephyrmancers (Elf:1)
  3 phantasmal warriors (Vaults:5)
  4 necromancers
  14 mana vipers
  23 ugly things
  3 orc sorcerers (Orc:2)
  2 tengu skeletons
  An oklob plant (Lair:6)
  2 cyclopes
  15 salamanders
  2 will-o-the-wisps
  25 slime creatures
  A moth of wrath (Swamp:1)
  10 vault sentinels
  6 elephants
  5 manticores
  3 human skeletons
  35 black mambas
  An eye of devastation (Lair:5)
  A molten gargoyle (Lair:6)
  3 gargoyles
  15 naga magi
  9 guardian serpents
  A smoke demon (Gauntlet)
  8 komodo dragons
  A kobold demonologist (D:10)
  6 cane toads
  A freezing wraith (Vaults:5)
  A komodo dragon (shapeshifter) (Vaults:5)
  Maggie (Lair:2)
  A yaktaur zombie (Vaults:4)
  2 minotaur zombies (Gauntlet)
  3 rime drakes
  An efreet (D:15)
  A yaktaur (shapeshifter) (D:13)
  18 yaktaurs
  A tengu conjurer (D:14)
  4 trolls
  3 polar bears (Lair:6)
  A tarantella (Vaults:4)
  A polar bear (shapeshifter) (D:14)
  14 hornets
  A queen bee (shapeshifter) (Vaults:5)
  13 blink frogs
  A slime creature (shapeshifter) (D:15)
  10 tyrant leeches
  3 dream sheep (Lair:6)
  2 human simulacra
  An ettin skeleton (Vaults:1)
  A fire giant simulacrum (Vaults:1)
  A stone giant simulacrum (Vaults:1)
  A culicivora (shapeshifter) (Vaults:5)
  3 elf simulacra
  A jumping spider (Gauntlet)
  A culicivora (Vaults:4)
  3 centaur simulacra (Gauntlet)
  A vampire (D:13)
  25 spriggans
  57 yaks
  5 wyverns
  3 wraiths
  2 steam dragons
  4 basilisks
  A hog (shapeshifter) (D:14)
  6 vampire mosquitoes (Swamp:3)
  4 redbacks
  31 nagas
  2 wargs (Orc:2)
  3 acid dragons
  16 water moccasins
  11 swamp worms
  An ogre skeleton (Vaults:2)
  A water moccasin (shapeshifter) (D:15)
  28 orc warriors
  5 swamp drakes
  A sky beast (D:6)
  6 black bears
  4 ice beasts
  11 ogres
  31 wolves
  14 centaurs
  3 boggarts (Lair:6)
  2 human zombies
  3 kobold brigands
  6 bullfrogs
  A scorpion (D:5)
  2 gnoll sergeants
  A cane toad simulacrum (Gauntlet)
  9 wights
  3 killer bees (D:9)
  3 howler monkeys
  7 electric eels
  4 crimson imps (Gauntlet)
  2 lava snakes
  2 jellies
  3 hounds
  6 orc priests
  4 hell rats (Lair:3)
  6 iguanas
  17 orc wizards
  8 adders
  8 gnolls
  A white imp (D:7)
  4 ufetubi
  2 worms
  A dart slug (D:2)
  36 orcs
  8 endoplasms
  4 giant cockroaches
  7 goblins
  13 hobgoblins
  A jackal (D:2)
  5 quokkas
  7 ball pythons
  7 bats
  3 frilled lizards
  23 kobolds
  5 rats
1209 creatures vanquished.

Vanquished Creatures (collateral kills)
  The ghost of RepHenryClay the Acrobat, an adept DEVM of Vehumet (Swamp:1)
  An ironbound preserver (Vaults:5)
  The ghost of Vainiore the Grappler, a journeyman VSTm of Qazlal (Lair:5)
  An ettin (Vaults:5)
  2 hydras
  A naga warrior (Snake:4)
  A salamander mystic (Snake:4)
  An orc knight (Orc:2)
  A lindwurm (Snake:4)
  2 orc sorcerers
  A salamander (Snake:4)
  A guardian serpent (Snake:4)
  A vault sentinel (Vaults:5)
  A troll (Orc:2)
  A polar bear (Lair:6)
  3 spriggans
  2 yaks (Lair:5)
  A warg (Vaults:5)
  A floating eye (Lair:5)
  6 orc warriors (Orc:2)
  An ogre (Bailey)
  A boggart (Lair:6)
  A wolf (Lair:6)
  A centaur (D:14)
  2 orc priests (Orc:2)
  2 orc wizards (Orc:2)
  3 orcs
41 creatures vanquished.

Vanquished Creatures (others)
  2 deep elf knights (Elf:1)
  2 deep elf pyromancers (Elf:1)
  A guardian serpent (Snake:4)
  A spriggan (Swamp:1)
  5 orcs (Elf:1)
  13 demonic plants (Gauntlet)
  16 foxfires
  33 fungi
  27 plants
100 creatures vanquished.

Grand Total: 1350 creatures vanquished

Notes
Turn   | Place    | Note
-------+----------+-------------------------------------------
     0 | D:1      | bwicke the Demonspawn Monk began the quest for the Orb.
     0 | D:1      | Reached XP level 1. HP: 18/18 MP: 1/1
   328 | D:1      | Gained mutation: You have large cloven feet. [demonic
                  | ancestry]
   328 | D:1      | Reached XP level 2. HP: 14/24 MP: 2/2
   535 | D:1      | Found a faded altar of an unknown god.
  1211 | D:2      | Gained mutation: You have hoof-like feet. [demonic
                  | ancestry]
  1211 | D:2      | Reached XP level 3. HP: 27/29 MP: 3/3
  1289 | D:2      | HP: 1/29 [dart slug/slug dart (2)]
  1611 | D:2      | Found a burning altar of Makhleb.
  1632 | D:2      | Became a worshipper of Makhleb the Destroyer
  1632 | D:2      | Reached * piety under Makhleb
  1632 | D:2      | Reached ** piety under Makhleb
  1650 | D:2      | Gained mutation: You are partially covered in sharp spines.
                  | [demonic ancestry]
  1650 | D:2      | Reached XP level 4. HP: 34/35 MP: 4/4
  2161 | D:3      | You fall into a shaft and drop 1 floor!
  2163 | D:4      | Identified the +0 kite shield of Ecumip {rPois Will++ MP-9
                  | Dex+3}
  2286 | D:4      | Reached *** piety under Makhleb
  2702 | D:3      | Gained mutation: You are mostly covered in sharp spines.
                  | [demonic ancestry]
  2702 | D:3      | Reached XP level 5. HP: 34/42 MP: 5/5
  3319 | D:4      | Reached skill level 5 in Fighting
  3441 | D:5      | Entered Level 5 of the Dungeon
  3474 | D:5      | Identified the +9 spear of Subbix {flame, rF+}
  3493 | D:5      | Reached skill level 5 in Polearms
  3493 | D:5      | Reached XP level 6. HP: 51/51 MP: 6/6
  3542 | D:5      | Noticed a yak
  3542 | D:5      | Noticed a yak
  3543 | D:5      | Noticed a yak
  3549 | D:5      | Killed a yak
  3554 | D:5      | Killed a yak
  3555 | D:5      | Reached XP level 7. HP: 54/56 MP: 7/7
  3555 | D:5      | Noticed a yak
  3564 | D:5      | Killed a yak
  3569 | D:5      | Killed a yak
  3793 | D:5      | Gained mutation: You are partially covered in slimy green
                  | scales. (AC +2) [demonic ancestry]
  3793 | D:5      | Reached XP level 8. HP: 62/62 MP: 8/8
  4331 | D:6      | Reached **** piety under Makhleb
  4343 | D:6      | Reached skill level 10 in Polearms
  4438 | D:6      | Found Mouwnid's Weapon Shop.
  4621 | D:6      | Reached XP level 9. HP: 68/68 MP: 9/9
  5138 | D:7      | Found Uloar's Armour Shoppe.
  5147 | D:7      | Bought a +2 pair of gloves for 214 gold pieces
  5351 | D:7      | Found Puilem's Antique Armour Shop.
  5381 | D:7      | Found a staircase to the Ecumenical Temple.
  5401 | D:7      | Found Lusunuos's Distillery.
  5404 | D:7      | Paralysed by a hornet for 2 turns
  5806 | D:8      | Reached skill level 3 in Invocations
  5812 | D:8      | Reached skill level 4 in Invocations
  5813 | D:8      | Reached skill level 5 in Invocations
  5835 | D:8      | Reached skill level 6 in Invocations
  5904 | D:8      | Noticed a two-headed ogre
  5915 | D:8      | Killed a two-headed ogre
  5916 | D:8      | Reached skill level 7 in Invocations
  5916 | D:8      | Gained mutation: You regenerate a little health from kills.
                  | [demonic ancestry]
  5916 | D:8      | Reached XP level 10. HP: 45/74 MP: 13/15
  5931 | D:8      | Reached skill level 8 in Invocations
  6115 | D:8      | Noticed an ice statue
  6117 | D:8      | Noticed xian's ghost (novice DrCj)
  6123 | D:8      | Found a transporter.
  6125 | D:8      | Found a transporter.
  6347 | D:9      | Noticed a two-headed ogre
  6404 | D:9      | Found a shadowy altar of Dithmenos.
  6416 | D:9      | Found a staircase to the Lair.
  6524 | D:9      | Reached skill level 9 in Invocations
  6538 | D:9      | Found a flagged portal.
  6547 | Bailey   | Entered a bailey
  6597 | Bailey   | Reached skill level 10 in Invocations
  6599 | Bailey   | Reached skill level 1 in Shields
  6606 | Bailey   | Noticed a two-headed ogre
  6616 | Bailey   | Killed a two-headed ogre
  6802 | Bailey   | Reached skill level 5 in Shields
  6893 | D:9      | Killed a two-headed ogre
  6944 | D:9      | Reached ***** piety under Makhleb
  7000 | D:9      | Reached skill level 10 in Shields
  7000 | D:9      | Reached XP level 11. HP: 79/79 MP: 18/18
  7041 | D:9      | Reached XP level 12. HP: 79/86 MP: 10/19
  7329 | Lair:1   | Entered Level 1 of the Lair of Beasts
  7351 | Lair:1   | Noticed Fannar
  7411 | Lair:1   | Killed Fannar
  8210 | Lair:2   | Noticed Maggie
  8220 | Lair:2   | Killed Maggie
  8271 | Lair:2   | Noticed a seven-headed hydra
  8279 | Lair:2   | Killed a seven-headed hydra
  9048 | Lair:3   | Found a hide-covered altar of Uskayaw.
  9049 | Lair:3   | Noticed a boulder beetle
  9064 | Lair:3   | Killed a boulder beetle
  9066 | Lair:3   | Found an ornate altar of the Wu Jian Council.
  9195 | Lair:3   | Found a staircase to the Swamp.
  9266 | Lair:3   | Found a staircase to the Snake Pit.
  9280 | Lair:3   | Reached skill level 10 in Fighting
  9608 | Lair:4   | Noticed a boulder beetle
  9661 | Lair:4   | Killed a boulder beetle
  9676 | Lair:4   | Noticed Nergalle
  9696 | Lair:4   | Killed Nergalle
  9700 | Lair:4   | Reached skill level 5 in Dodging
  9794 | Lair:4   | Noticed a four-headed hydra
  9801 | Lair:4   | Killed a four-headed hydra
  9802 | Lair:4   | Reached XP level 13. HP: 100/103 MP: 11/20
 10639 | Lair:5   | You fall into a shaft and drop 1 floor!
 10639 | Lair:6   | Entered Level 6 of the Lair of Beasts
 10652 | Lair:6   | Gained mutation: You have an increased reservoir of magic.
                  | (+10% MP) [potion of mutation]
 10838 | Lair:6   | Noticed a dire elephant
 10871 | Lair:6   | Reached skill level 1 in Armour
 10937 | Lair:6   | Reached ****** piety under Makhleb
 11032 | Lair:5   | Found a gate leading to a gauntlet.
 11054 | Gauntlet | Entered a Gauntlet
 11054 | Gauntlet | Found a transporter.
 11054 | Gauntlet | Found a transporter.
 11057 | Gauntlet | Found a transporter.
 11057 | Gauntlet | Found a transporter.
 11060 | Gauntlet | Found a transporter.
 11106 | Gauntlet | Found a transporter.
 11106 | Gauntlet | Found a transporter.
 11107 | Gauntlet | Found a transporter.
 11118 | Gauntlet | Noticed an entropy weaver
 11121 | Gauntlet | Found a transporter.
 11137 | Gauntlet | Found a transporter.
 11161 | Gauntlet | Found a transporter.
 11175 | Gauntlet | Found a transporter.
 11197 | Gauntlet | Found a transporter.
 11198 | Gauntlet | Found a runed translucent door.
 11213 | Gauntlet | Found a transporter.
 11312 | Gauntlet | Identified the +0 steam dragon scales of Kleptomania {rF-
                  | Str+6}
 11347 | Gauntlet | Reached skill level 5 in Armour
 11351 | Gauntlet | Identified the amulet of Disaster {Acrobat +Inv}
 11364 | Gauntlet | Killed an entropy weaver
 11391 | Gauntlet | Noticed a minotaur
 11410 | Gauntlet | Killed a minotaur
 11567 | Lair:5   | Noticed Rupert
 11580 | Lair:5   | Killed Rupert
 11648 | Lair:5   | Found a runed translucent gate.
 11649 | Lair:5   | Found a runed translucent gate.
 11650 | Lair:5   | Found a runed translucent gate.
 11651 | Lair:5   | Noticed Etewkasm's ghost (journeyman TrMo)
 11651 | Lair:5   | Noticed Vainiore's ghost (journeyman VSTm)
 11668 | Lair:5   | Killed Etewkasm's ghost
 11682 | Lair:5   | Killed Vainiore's ghost
 11694 | Lair:5   | Identified the +9 longbow "Laumihel" {venom, rC+ Dex+4}
 12016 | Lair:5   | Found a staircase to the Slime Pits.
 12019 | Lair:5   | Paralysed by a floating eye for 4 turns
 12720 | Lair:6   | Gained mutation: You have hooves in place of feet. [demonic
                  | ancestry]
 12720 | Lair:6   | Reached XP level 14. HP: 110/110 MP: 14/23
 12895 | Lair:6   | Reached skill level 11 in Invocations
 13046 | Lair:6   | Reached skill level 12 in Invocations
 13365 | Lair:6   | Reached skill level 13 in Invocations
 13584 | Lair:6   | Reached skill level 14 in Invocations
 14104 | D:10     | Entered Level 10 of the Dungeon
 14487 | D:10     | Reached skill level 15 in Invocations
 15214 | D:11     | Found a staircase to the Orcish Mines.
 15328 | D:11     | Found a radiant altar of Vehumet.
 15536 | D:11     | Identified the +1 ring mail of Satisfaction {Dex+6}
 15590 | D:12     | Identified a scroll of acquirement
 15599 | D:12     | Acquired the +3 Mad Mage's Maulers {Infuse+∞ RegenMP Int-3}
 15599 | D:12     | Found the +3 Mad Mage's Maulers {Infuse+∞ RegenMP Int-3}
 16603 | D:13     | Identified the +1 helmet of Weightlessness {rElec Dex+4}
 16825 | D:13     | Reached XP level 15. HP: 97/120 MP: 0/29
 17383 | D:14     | Found a gate to the Vaults.
 18269 | D:15     | Entered Level 15 of the Dungeon
 19161 | D:15     | Acquired the +8 demon trident of Rokehuis {drain, Will+}
 19313 | D:15     | Noticed Louise
 19320 | D:15     | Killed Louise
 19534 | D:15     | Found a staircase to the Depths.
 19869 | Orc:1    | Entered Level 1 of the Orcish Mines
 20128 | Orc:2    | Entered Level 2 of the Orcish Mines
 20129 | Orc:2    | Found Jusies Eniaf's General Store.
 20150 | Orc:2    | Noticed an orc warlord
 20159 | Orc:2    | Killed an orc warlord
 20197 | Orc:2    | Bought a scroll of teleportation for 48 gold pieces
 20214 | Orc:2    | Found Erydegam's Antique Armour Boutique.
 20239 | Orc:2    | Found Gudos's Antique Armour Emporium.
 20376 | Orc:2    | Found Ruutet's Book Boutique.
 20380 | Orc:2    | Noticed an orc warlord
 20401 | Orc:2    | Killed an orc warlord
 20716 | Orc:2    | Found Ceqibb's Antique Weapon Shop.
 20818 | Orc:2    | Found Amocrutz's General Store.
 20819 | Orc:2    | Found Raynoel's General Store.
 20878 | Orc:2    | Found a staircase to the Elven Halls.
 21157 | Orc:2    | Upgraded the game from 0.29-a0-472-ge5599a681e to
                  | 0.29-a0-474-gdfe5cd140f
 21190 | Orc:2    | Bought a potion of heal wounds for 80 gold pieces
 21362 | Snake:1  | Entered Level 1 of the Snake Pit
 22235 | Snake:1  | Reached skill level 16 in Invocations
 22235 | Snake:1  | Gained mutation: You are mostly covered in slimy green
                  | scales. (AC +3) [demonic ancestry]
 22235 | Snake:1  | Reached XP level 16. HP: 133/133 MP: 0/30
 23023 | Snake:2  | Reached skill level 17 in Invocations
 23408 | Snake:2  | Reached skill level 18 in Invocations
 24523 | Snake:3  | Reached skill level 19 in Invocations
 25229 | Snake:4  | Entered Level 4 of the Snake Pit
 25245 | Snake:4  | Reached skill level 20 in Invocations
 25754 | Snake:4  | Gained mutation: You are completely covered in sharp
                  | spines. [demonic ancestry]
 25754 | Snake:4  | Reached XP level 17. HP: 124/139 MP: 0/34
 26126 | Snake:4  | Got a serpentine rune of Zot
 26315 | Snake:4  | Found Pafoyff's Book Boutique.
 26945 | Swamp:1  | Entered Level 1 of the Swamp
 27346 | Swamp:1  | Noticed RepHenryClay's ghost (adept DEVM)
 27347 | Swamp:1  | Found a bloodstained altar of Trog.
 27349 | Swamp:1  | Identified the amulet of Ogacia {Reflect Int+4 SH+5}
 27737 | Swamp:1  | Found a transporter.
 27740 | Swamp:1  | Found a transporter.
 27763 | Swamp:1  | Reached skill level 10 in Dodging
 27805 | Swamp:1  | Killed RepHenryClay's ghost
 27811 | Swamp:1  | Identified the +5 battleaxe "Neirph" {freeze, Str+3}
 27813 | Swamp:1  | Identified the +2 troll leather armour of Boxabamm {Regen+
                  | Dex+2}
 27841 | Swamp:1  | Upgraded the game from 0.29-a0-474-gdfe5cd140f to
                  | 0.29-a0-477-g62b78b4225
 27841 | Swamp:1  | Upgraded the game from 0.29-a0-477-g62b78b4225 to
                  | 0.29-a0-483-g69413ace17
 28014 | Swamp:2  | Noticed Frances
 28028 | Swamp:2  | Killed Frances
 28029 | Swamp:2  | Reached skill level 1 in Axes
 28790 | Swamp:3  | Reached skill level 5 in Axes
 28902 | Swamp:3  | Noticed Aizul
 28906 | Swamp:3  | Killed Aizul
 29883 | Swamp:4  | Entered Level 4 of the Swamp
 29900 | Swamp:4  | Identified the +1 halberd of Poihier {flame, Dex+4}
 29910 | Swamp:4  | Noticed a tentacled monstrosity
 29918 | Swamp:4  | Killed a tentacled monstrosity
 29978 | Swamp:4  | Reached XP level 18. HP: 147/147 MP: 1/35
 30075 | Swamp:4  | Reached skill level 15 in Fighting
 30225 | Swamp:4  | Noticed the 27-headed Lernaean hydra
 30245 | Swamp:4  | Killed the 27-headed Lernaean hydra
 30261 | Swamp:4  | Identified the ring "Qaarem" {Wiz rElec rPois Dex+8}
 30301 | Swamp:4  | Got a decaying rune of Zot
 30811 | Vaults:1 | Entered Level 1 of the Vaults
 31537 | Vaults:1 | Reached skill level 15 in Shields
 32727 | Vaults:2 | Noticed Sojobo
 32748 | Vaults:2 | Paralysed by an air elemental for 1 turns
 33187 | Vaults:2 | Found Gufymewe's Jewellery Shoppe.
 33491 | Vaults:2 | Killed Sojobo
 33836 | Vaults:2 | Gained mutation: Your magical and physical power is
                  | slightly enhanced at high health. [demonic ancestry]
 33836 | Vaults:2 | Reached XP level 19. HP: 134/157 MP: 0/36
 34681 | Vaults:3 | Found a staircase to the Crypt.
 34681 | Vaults:3 | Found a basalt altar of Yredelemnul.
 34682 | Vaults:3 | Found an ancient bone altar of Kikubaaqudgha.
 35391 | Vaults:3 | Found Voelites's Armour Shop.
 35686 | Vaults:3 | Found a radiant altar of Vehumet.
 35700 | Vaults:3 | Identified the +0 hat "Rudghan" {rN+ Int+3 Slay-6}
 37874 | Vaults:5 | Entered Level 5 of the Vaults
 37902 | Vaults:5 | Reached XP level 20. HP: 115/168 MP: 1/37
 37932 | Vaults:5 | Noticed Frederick
 37956 | Vaults:5 | Killed Frederick
 37966 | Vaults:5 | Reached skill level 10 in Axes
 38095 | Vaults:5 | Identified the +7 lajatang "Nadusa" {spect, Drain Fly rC+
                  | Will+}
 38414 | Vaults:5 | Got a silver rune of Zot
 38748 | Vaults:5 | Noticed an ancient lich
 38767 | Vaults:5 | Killed an ancient lich
 39108 | Vaults:5 | Identified the +8 short sword "Boesch" {spect, Int+5}
 39142 | Vaults:5 | Noticed a golden dragon
 39156 | Vaults:5 | Killed a golden dragon
 39315 | Vaults:5 | Noticed a dread lich
 39322 | Vaults:5 | Killed a dread lich
 39336 | Vaults:5 | Identified the +0 pair of gloves "Qaklan" {rC- Will+++
                  | Int-3 SInv}
 39337 | Vaults:5 | Noticed a golden dragon
 39362 | Vaults:5 | Identified the +6 lajatang of the Furious {vorpal, rElec
                  | rF+ Dex-5}
 39373 | Vaults:5 | Killed a golden dragon
 39913 | Vaults:5 | Noticed a golden dragon
 39933 | Vaults:5 | Killed a golden dragon
 39967 | Vaults:5 | Found the +2 hood of the Assassin {Detection Stab+ Stlth++}
 39998 | Vaults:5 | Identified the +8 spear of Dawn {venom, *Noise rN+ Int+2}
 40011 | Vaults:5 | Got the Incunabulum of the Entourage and the Frostbite
 40034 | Vaults:5 | Identified the +1 plate armour "Soiss" {rF- rCorr Int+2}
 40534 | Vaults:5 | Reached skill level 10 in Armour
 41029 | Elf:1    | Entered Level 1 of the Elven Halls
 41042 | Orc:2    | Reached skill level 1 in Short Blades
 41318 | Vaults:5 | Upgraded the game from 0.29-a0-483-g69413ace17 to
                  | 0.29-a0-490-g77b3608bb8
 41318 | Vaults:5 | Upgraded the game from 0.29-a0-490-g77b3608bb8 to
                  | 0.29-a0-506-ga2e7fffb44
 41318 | Vaults:5 | Upgraded the game from 0.29-a0-506-ga2e7fffb44 to
                  | 0.29-a0-823-gc37b1572da
 41318 | Vaults:5 | Upgraded the game from 0.29-a0-823-gc37b1572da to
                  | 0.29-a0-1009-g60c99734e7
 41318 | Vaults:5 | Upgraded the game from 0.29-a0-1009-g60c99734e7 to
                  | 0.29-a0-1016-g236c7fd91e
 41318 | Vaults:5 | Upgraded the game from 0.29-a0-1016-g236c7fd91e to
                  | 0.29-a0-1023-g6ae1a4a2c7
 41764 | Elf:1    | Reached XP level 21. HP: 141/175 MP: 1/38
 41981 | Elf:1    | Found Akuefren's Jewellery Boutique.
 42001 | Elf:1    | Found Zolioly's Book Emporium.
 42002 | Elf:1    | Found Ranig's Jewellery Boutique.
 42054 | Elf:1    | Noticed Zenata
 42068 | Elf:1    | Killed Zenata
 42355 | Elf:1    | HP: 7/175 [deep elf high priest/divine providence (8)]
 42355 | Elf:1    | Killed from afar by a deep elf high priest

Illustrated notes

Levels and vault maps discovered:
D:1:      nagdon_arrival_zigzag_paths, layout_loops_ring,
          dreamdust_ecumenical_altar_angels_and_demons
D:2:      minmay_chambers_of_twos, layout_basic, basic_altar,
          minmay_split_cup_large
D:3:      layout_loops_cross, minmay_cut_off
D:4:      layout_loops_cross
D:5:      layout_loops_cross
D:6:      layout_cave_pools, serial_shops, nicolae_shop_bloodbath_and_beyond,
          minivault_25
D:7:      layout_layer_cave, minmay_temple_entry_drinking_statues, serial_shops,
          nicolae_shop_advertising_works [nicolae_subvault_shop_adworks],
          shop_fountains, shop_statue
D:8:      layout_basic, nzn_ghost_randoct, serial_curves, eino_curves_03,
          eino_curves_03, eino_curves_01
D:9:      layout_big_octagon, mainiacjoe_overflow_chevrons, serial_column_ruins,
          column_ruins_grid_1, column_ruins_open_large, column_ruins_open_small,
          column_ruins_columns_corner, column_ruins_columns_water,
          enter_bailey_8
D:10:     layout_irregular_city
D:11:     layout_loops_ring, orc_0_dummy, vehumet_altar_wand_db
D:12:     layout_long_grid
D:13:     nzn_motion_control, layout_cave_pools, minmay_increasing_density
D:14:     layout_basic, david_vaults_2
D:15:     gammafunk_enter_depths_forms, layout_irregular_city,
          nicolae_lava_and_water, nicolae_wwwww, grunt_decor_cap, uniq_louise
Lair:1:   layout_chaotic_city, beast_lair_carwin_7, uniq_fannar
Lair:2:   layout_cellular_growth, uniq_maggie
Lair:3:   layout_long_grid, swamp_mist_pool, guppyfry_snake_entry_island,
          nzn_masters_of_martial_movement
Lair:4:   statuecave_lemuel, layout_small_grid, nicolae_quartered_pool_impasse,
          infiniplex_staircase_pool_2, uniq_nergalle
Lair:5:   layout_cave_pods, minmay_slime_entry_eyes, gammafunk_ghost_cemetery,
          gauntlet_entry_generic, infiniplex_staircase_pool, uniq_rupert
Lair:6:   minmay_lair_end_enchanted_forest, layout_gridlike,
          minmay_shattered_shrine
Swamp:1:  layout_basic_swamp, gammafunk_ghost_wrathful_warriors,
          nicolae_swamp_bean_lake
Swamp:2:  layout_basic_swamp, serial_swamp_ruin, evilmike_swamp_ruin_rubble_1,
          evilmike_swamp_ruin_house_3, swamp_pool3, uniq_frances
Swamp:3:  layout_basic_swamp, evilmike_swamp_ruin_wall, uniq_aizul
Swamp:4:  swamp_basic_johnstein, layout_basic_swamp
Snake:1:  layout_onion_interference
Snake:2:  cheibrodos_snake_ritualist_ritual, layout_basic
Snake:3:  layout_onion_interference
Snake:4:  snake_pit_salamanders_mu, layout_layer_cave, serial_shops,
          nicolae_shop_statue_plus
Orc:1:    layout_caves
Orc:2:    grunt_orc_gardens, layout_caves, grunt_orc_garden, grunt_orc_garden,
          grunt_orc_garden, grunt_orc_garden, serial_shops, shop,
          nicolae_shop_competitors_out_of_business, nicolae_shop_hallway_stairs,
          kennysheep_orc_chapel
Elf:1:    elf_arrival_002, layout_gridlike, orc_legates, drop_trap,
          einodemon_barbed_minivault, minmay_shop_grove, uniq_zenata
Vaults:1: vaults_dpeg_cross, dpeg_vaults_monster_box, hangedman_vaults_impose,
          vaults_dpeg_ring, st_cross, serial_ice_h, serial_ice_b, v_misc_32,
          ontoclasm_vaults_loading_screen, layout_vaults_quadrants
Vaults:2: nicolae_vaults_network_square, nicolae_vaults_back_hallway,
          grunt_vaults_hallway_short, nicolae_vaults_little_squares_6, v_misc_5,
          grunt_vaults_funnel, nicolae_vaults_alarming,
          ontoclasm_vaults_ring_large, ontoclasm_vaults_shuriken,
          vaults_room_pools, v_misc_14, v_misc_22, layout_vaults_ring,
          serial_shops, nicolae_shop_trees, uniq_sojobo
Vaults:3: grunt_tower_of_power, ontoclasm_vaults_ring_small, v_alt_pattern_2,
          vaults_mumra_minichess, v_misc_10, nicolae_vaults_hallways_thing,
          vaults_room_corners, ontoclasm_vaults_spin,
          minmay_crypt_entry_necro_gods, nicolae_vaults_what_the_h, v_misc_13,
          ontoclasm_vaults_hangar, ontoclasm_vaults_ligature,
          layout_vaults_maze_bifur, serial_shops, nicolae_shop_stone
Vaults:4: nicolae_vaults_puzzle_piece, ontoclasm_vaults_gateway,
          nicolae_vaults_angled_halls, v_rooms_2, ontoclasm_vaults_ring_square,
          grunt_vaults_swirl, nicolae_vaults_big_ls,
          vaults_room_grunt_arrival_ludios, nicolae_vaults_little_squares_5,
          v_alt_pattern_1, hangedman_vaults_restitches, v_alt_pattern_1,
          vaults_dpeg_hooks, layout_vaults_omnicross
Vaults:5: uniq_frederick

Skill      XL: |  1  2  3  4  5  6  7  8  9 10 11 12 13 14 15 16 17 18 19 20 21 |
---------------+----------------------------------------------------------------+-----
Polearms       | 3 4 5 6 8 10 12 14 | 14.0
Fighting       | 5 10 11 14 16 17 | 17.5
Invocations    | 7 10 15 16 20 | 20.1
Shields        | 10 11 12 14 16 18 | 18.1
Dodging        | 6 8 10 | 10.4
Armour         | 8 10 11 | 11.5
Axes           | 6 8 13 | 13.6
Short Blades   | 1 |  1.0
Stealth        | |  1.7

Action                   |  1- 3 |  4- 6 |  7- 9 | 10-12 | 13-15 | 16-18 | 19-21 || total
-------------------------+-------+-------+-------+-------+-------+-------+-------++-------
Melee: Dagger            |    77 |     5 |       |       |       |       |       ||    82
       Spear             |    10 |    16 |   155 |   373 |   953 |     6 |       ||  1513
       Kick              |    12 |    22 |    27 |   100 |   488 |   428 |   344 ||  1421
       Punch             |     1 |     2 |     3 |     1 |       |       |       ||     7
       Short sword       |       |    60 |       |       |       |       |       ||    60
       Demon trident     |       |       |       |       |   259 |  1113 |   680 ||  2052
       Broad axe         |       |       |       |       |       |    59 |    69 ||   128
       Eveningstar       |       |       |       |       |       |     1 |       ||     1
       Rapier            |       |       |       |       |       |       |     5 ||     5
Throw: Dart              |     2 |     3 |     6 |    16 |    32 |     1 |       ||    60
       Javelin           |       |     1 |       |       |     1 |     2 |       ||     4
       Throwing net      |       |       |       |       |     1 |       |       ||     1
Invok: Lesser Servant of |       |     1 |       |     3 |    11 |     3 |     2 ||    20
       Minor Destruction |       |       |       |     2 |     4 |     5 |     2 ||    13
       Major Destruction |       |       |       |       |     5 |     6 |     5 ||    16
       Greater Servant o |       |       |       |       |     1 |     6 |     3 ||    10
Evoke: Wand              |       |       |       |       |     4 |     9 |     2 ||    15
       Phantom mirror    |       |       |       |       |     1 |     1 |       ||     2
  Use: Scroll            |     4 |     5 |       |     8 |    23 |    10 |    10 ||    60
       Potion            |     3 |       |       |     2 |     3 |     8 |    10 ||    26
 Stab: Sleeping          |     3 |     8 |     7 |     2 |     2 |     8 |     3 ||    33
       Distracted        |       |     2 |       |     1 |     4 |     9 |     5 ||    21
       Held in net/web   |       |       |       |       |     1 |       |       ||     1
       Invisible         |       |       |       |       |       |     1 |       ||     1
Armor: Robe              |    25 |     9 |     3 |       |       |       |       ||    37
       Leather armour    |       |       |     8 |    15 |       |       |       ||    23
       Acid dragon scale |       |       |       |    12 |   114 |   209 |   106 ||   441
       Ice dragon scales |       |       |       |    10 |       |       |       ||    10
       Shadow dragon sca |       |       |       |       |       |       |     9 ||     9
Dodge: Dodged            |    81 |    30 |    27 |    69 |   364 |   400 |   176 ||  1147
Block: Kite shield       |       |       |       |   116 |   651 |   771 |   353 ||  1891
       Reflection        |       |       |       |     1 |    46 |    77 |    15 ||   139
       Tower shield      |       |       |       |       |       |       |   104 ||   104

Table legend: (Time is in decaauts)
 A = Elapsed time spent in this place.
 B = Non-inter-level travel time spent in this place.
 C = Inter-level travel time spent in this place.
 D = Time resting spent in this place.
 E = Time spent auto-exploring this place.
 F = Levels seen in this place.
 G = Mean time per level.
                   A        B        C        D        E       F      G
               +--------+--------+--------+--------+--------+-----+--------+
         Total |  41353 |  38227 |   3126 |   1206 |  25364 |  39 | 1060.3 |
       Dungeon |  13141 |  11624 |   1517 |    275 |   8044 |  15 |  876.1 |
          Lair |   6258 |   5750 |    508 |      0 |   3790 |   6 | 1043.0 |
         Swamp |   3727 |   3576 |    151 |      0 |   2412 |   4 |  931.8 |
     Snake Pit |   5407 |   5220 |    187 |      0 |   3851 |   4 | 1351.8 |
  Orcish Mines |   1446 |   1287 |    159 |    231 |    604 |   2 |  723.0 |
   Elven Halls |    607 |    607 |      0 |      0 |    425 |   1 |  607.0 |
        Vaults |  10118 |   9517 |    601 |    696 |   6123 |   5 | 2023.6 |
        Bailey |    264 |    264 |      0 |      0 |    114 |   1 |  264.0 |
      Gauntlet |    383 |    383 |      0 |      4 |      0 |   1 |  383.0 |
               +--------+--------+--------+--------+--------+-----+--------+

Top non-repeatable levels by time:
Vaults:5: 2925 daAuts
Vaults:3: 2072 daAuts
Vaults:2: 1926 daAuts
  Lair:6: 1617 daAuts
Vaults:1: 1609 daAuts
Vaults:4: 1585 daAuts
 Snake:2: 1549 daAuts
 Snake:4: 1528 daAuts
    D:14: 1383 daAuts
     D:1: 1317 daAuts
 Snake:1: 1297 daAuts
 Swamp:3: 1165 daAuts
  Lair:5: 1142 daAuts
 Swamp:1: 1088 daAuts
    D:15: 1080 daAuts
